Map: NeoHumanity LE

Players

trollathon - Winner!

  • Race: Zerg Zerg
  • League: Platinum
  • Spawn Location: 5:00

Spectre

  • Race: Terran Terran
  • League: Platinum
  • Spawn Location: 11:00

VOD

Have the link to the VOD?

Description

Time

  • Played on: Feb. 18, 2023, 8:12 p.m.
  • Length: 25:55
Show
View Real Time Build Order
Export as new Build Order

trollathon Zerg - Winner!

Build Orders: Pool First, Roach Hydra 

Get SALT Encoding   

  12  0:00  Drone  
  13  0:12  Overlord  
  13  0:16  Drone  
  14  0:31  Drone x2  
  16  0:38  Drone  
  17  0:44  Spawning Pool  
  17  0:48  Drone  
  17  1:12  Hatchery  
  17  1:13  Drone  
  17  1:20  Extractor  
  17  1:22  Drone x2  
  18  1:28  Drone  
  19  1:34  Queen  
  21  1:41  Overlord  
  21  1:50  Drone  
  22  2:02  Drone  
  23  2:09  Queen  
  25  2:22  Zergling x4  
  27  2:26  Metabolic Boost  
  27  2:29  Drone  
  28  2:38  Drone x2  
  30  2:52  Drone x5  
  30  2:57  Overlord, Roach Warren  
  34  3:05  Drone  
  35  3:21  Overlord x2  
  35  3:23  Drone x4  
  39  3:31  Drone x2  
  39  3:33  Queen  
  43  3:38  Queen  
  45  3:46  Hatchery  
  44  3:53  Drone x4  
  44  3:54  Drone x3  
  51  3:57  Extractor  
  51  4:02  Extractor  
  49  4:09  Extractor, Lair  
  48  4:16  Drone x2  
  48  4:17  Drone  
  51  4:20  Drone  
  51  4:22  Overlord x4  
  52  4:40  Drone  
  52  4:42  Roach  
  52  4:43  Roach x4  
  63  4:50  Spore Crawler  
  63  4:51  Drone  
  64  4:52  Drone  
  64  4:53  Drone, Spore Crawler  
  64  4:55  Drone  
  64  4:57  Drone x2  
  67  5:15  Glial Reconstitution  
  67  5:16  Roach x4  
  67  5:17  Roach x2  
  79  5:37  Drone x2, Hydralisk Den  
  79  5:38  Drone  
  81  5:43  Evolution Chamber  
  81  5:44  Evolution Chamber  
  81  5:46  Queen  
  81  5:48  Overlord x2  
  81  5:49  Overlord  
  81  5:51  Drone  
  81  6:18  Hydralisk x5  
  81  6:19  Hydralisk x6, Spore Crawler  
  81  6:21  Queen  
  102  6:30  Queen  
  104  6:33  Drone  
  104  6:35  Grooved Spines  
  105  6:40  Drone  
  105  6:43  Overlord  
  105  6:44  Overlord  
  106  6:48  Overlord  
  106  7:01  Queen  
  108  7:12  Roach x10  
  128  7:18  Zerg Missile Weapons Level 1  
  128  7:21  Zerg Ground Armor Level 1  
  128  7:32  Roach  
  128  7:35  Overlord x5  
  130  7:47  Muscular Augments  
  130  8:02  Roach x5  
  130  8:03  Roach x7  
  154  8:12  Hydralisk x2  
  158  8:23  Drone x9  
  167  8:44  Drone x3  
  167  8:45  Overlord x5  
  120  9:33  Hatchery  
  111  9:38  Hydralisk  
  111  9:39  Hydralisk x7  
  111  9:40  Roach x8  
  135  9:51  Roach x8  
  143  10:15  Zerg Missile Weapons Level 2  
  143  10:16  Zerg Ground Armor Level 2  
  143  10:17  Roach x7  
  143  10:18  Roach x4  
  161  10:29  Extractor  
  161  10:31  Extractor  
  159  10:47  Roach x16  
  159  10:48  Roach  
  169  11:38  Hydralisk Den  
  166  11:48  Roach x17  
  192  12:36  Drone  
  192  12:37  Drone x6  
  166  12:42  Hydralisk x12  
  121  12:56  Roach x6  
  121  12:59  Roach  
  121  13:02  Roach  
  125  13:12  Drone x3  
  128  13:14  Drone x3  
  128  13:18  Queen  
  133  13:20  Queen  
  135  13:27  Hydralisk x3  
  141  13:49  Drone x2  
  141  13:50  Drone x2  
  141  13:52  Roach x9  
  141  13:53  Queen  
  118  14:19  Roach x13  
  142  14:30  Roach x7  
  156  14:47  Roach x5  
  156  14:48  Roach x5  
  176  14:58  Infestation Pit, Burrow  
  175  15:04  Pneumatized Carapace  
  175  15:14  Roach x5  
  175  15:15  Roach  
  111  15:49  Roach x17  
  149  15:50  Roach x5  
  149  15:59  Unknown  
  148  16:10  Tunneling Claws, Hive  
  148  16:12  Roach x5  
  158  16:31  Roach  
  158  16:32  Roach x13  
  186  16:55  Roach x7  
  196  17:24  Hatchery  
  167  17:42  Hydralisk x15  
  167  17:43  Hydralisk x2  
  183  18:04  Roach x13  
  175  18:23  Zerg Ground Armor Level 3, Zerg Missile Weapons Level 3  
  175  18:36  Drone x11  
  186  18:53  Roach x6  
  186  18:54  Roach  
  180  19:35  Roach x14  
  136  20:04  Extractor x2  
  114  20:10  Roach x15  
  114  20:11  Roach x3  
  148  20:27  Hatchery  
  135  20:29  Roach x8  
  139  20:42  Hydralisk x5  
  149  21:09  Lurker Den, Hydralisk x9  
  166  21:33  Roach  
  166  21:34  Roach x11  
  184  22:21  Roach x8  
  172  22:38  Roach x8  
  172  22:39  Roach x7  
  198  22:51  Roach  
  182  23:09  Roach x2  
  182  23:10  Roach x10  
  200  23:31  Roach x5  
  200  23:32  Roach x8  
  200  25:23  Hatchery  
Show
View Real Time Build Order
Export as new Build Order

Spectre Terran 

Build Orders: Hellion Banshee 

Get SALT Encoding   

  12  0:01  SCV  
  13  0:14  SCV  
  13  0:17  Supply Depot  
  15  0:28  SCV  
  15  0:40  SCV  
  15  0:42  Barracks  
  16  0:46  Refinery  
  16  0:52  SCV  
  17  1:04  SCV  
  18  1:16  SCV  
  19  1:30  SCV  
  20  1:34  Reaper  
  21  1:42  Orbital Command  
  21  1:48  Command Center  
  21  1:53  Supply Depot  
  21  2:09  Marine  
  22  2:16  Factory  
  22  2:22  SCV  
  23  2:26  Refinery  
  23  2:29  Barracks Reactor  
  23  2:34  SCV  
  24  2:46  SCV  
  25  2:58  SCV  
  25  3:00  Orbital Command  
  25  3:04  Starport  
  26  3:10  SCV  
  27  3:17  Barracks Tech Lab  
  27  3:23  SCV  
  27  3:24  Hellion  
  27  3:25  Hellion  
  32  3:35  SCV  
  33  3:47  Hellion x2  
  37  3:54  Command Center  
  37  3:55  Barracks Tech Lab  
  37  3:57  SCV x2  
  39  4:07  Supply Depot  
  39  4:09  SCV, Hellion x2  
  45  4:10  SCV  
  45  4:17  Banshee  
  45  4:18  Supply Depot  
  45  4:21  SCV  
  49  4:39  SCV  
  49  4:44  Stimpack  
  50  4:46  Barracks x2  
  50  4:48  SCV  
  50  4:50  Factory Reactor  
  50  4:51  SCV  
  52  5:00  SCV  
  52  5:03  SCV  
  54  5:15  SCV  
  54  5:18  Orbital Command  
  55  5:30  SCV x2  
  57  5:42  SCV x2  
  59  5:43  Engineering Bay  
  59  5:46  Engineering Bay  
  59  5:47  SCV  
  60  5:54  SCV x2  
  60  5:55  Starport Reactor  
  62  5:59  SCV  
  63  6:06  SCV  
  63  6:07  SCV  
  65  6:12  SCV  
  66  6:18  SCV  
  66  6:19  SCV  
  66  6:24  SCV  
  69  6:31  SCV x2  
  69  6:32  Combat Shield  
  71  6:34  Marine x4, Barracks  
  71  6:35  Marine, Siege Tank  
  71  6:36  Medivac x2, SCV, Barracks  
  84  6:40  Supply Depot  
  84  6:43  SCV  
  84  6:45  Refinery x2  
  84  6:46  Supply Depot x2  
  85  6:47  Terran Infantry Weapons Level 1, Terran Infantry Armor Level 1  
  85  7:02  Marine, SCV x3  
  85  7:06  Medivac  
  91  7:14  SCV x3, Siege Tank  
  97  7:18  Marine x2  
  97  7:19  Marine  
  97  7:20  Marine  
  97  7:21  Marine  
  103  7:24  Barracks Reactor  
  103  7:26  SCV  
  103  7:27  Barracks Reactor  
  103  7:31  Factory  
  103  7:36  Marine x2  
  105  7:37  Marine  
  105  7:38  Marine  
  105  7:39  Supply Depot  
  105  7:41  Marine  
  108  7:48  Medivac x2  
  108  7:50  Supply Depot  
  112  7:54  Marine  
  112  7:55  Supply Depot  
  113  7:58  Marine  
  113  7:59  Marine x3  
  113  8:03  Armory  
  117  8:14  Marine x2  
  117  8:15  Marine x3  
  117  8:16  Marine x2  
  117  8:17  Marine x2  
  126  8:23  Orbital Command  
  126  8:32  Marine x3  
  126  8:33  Marine  
  130  8:37  Marine x5  
  130  8:39  Sensor Tower  
  130  8:40  Factory Tech Lab  
  135  8:47  Siege Tank  
  135  8:48  Medivac  
  140  8:50  Marine  
  140  8:52  Terran Infantry Weapons Level 2  
  141  9:02  Missile Turret  
  141  9:07  Marine  
  141  9:08  Refinery  
  141  9:11  Refinery  
  141  9:12  Marine x2  
  141  9:13  Medivac  
  129  9:18  Marine x2  
  129  9:19  Marine x3  
  104  9:35  Marine x4  
  105  9:42  Marine x5  
  98  9:49  Command Center  
  95  9:53  Marine  
  95  9:55  Marine x3  
  95  9:57  Medivac x2, Siege Tank x2  
  109  10:00  Marine x3  
  112  10:08  Supply Depot  
  112  10:09  Marine, Supply Depot  
  113  10:21  Marine x3  
  113  10:22  Marine x2  
  117  10:29  Siege Tank  
  117  10:34  Marine x3  
  117  10:35  Marine, Siege Tank  
  124  10:36  Medivac x2  
  124  10:39  Marine x5  
  136  10:52  Marine  
  124  11:20  Marine x6  
  124  11:21  Marine x3  
  130  11:29  Siege Tank x2  
  129  11:37  Medivac x2  
  129  11:38  Marine x8  
  129  11:39  Marine  
  129  11:47  Terran Infantry Armor Level 2  
  129  11:55  Marine x2  
  129  11:56  Marine  
  129  12:00  Orbital Command  
  132  12:01  Siege Tank x2  
  132  12:06  Sensor Tower  
  132  12:07  Marine x4  
  130  12:43  Marine  
  130  12:44  Marine x5  
  111  12:47  Marine  
  111  12:48  Marine x2  
  100  12:51  Orbital Command  
  100  13:01  Marine x2  
  100  13:02  Marine x4  
  106  13:05  Marine x2  
  106  13:06  Supply Depot  
  106  13:09  Supply Depot  
  106  13:10  Supply Depot  
  106  13:12  Marine  
  109  13:14  Terran Infantry Weapons Level 3  
  109  13:19  Marine x4  
  111  13:24  SCV x3  
  116  13:34  Marine x4  
  116  13:35  Marine, Siege Tank x2  
  116  13:36  SCV x3  
  130  13:48  SCV x3  
  132  13:52  Marine  
  132  13:53  Command Center, Marine  
  135  14:00  SCV  
  117  14:10  Marine x6  
  117  14:11  Marine x3  
  95  14:27  Marine  
  95  14:28  Marine x6  
  95  14:29  Marine  
  103  14:37  Marine  
  104  14:42  Medivac, Siege Tank x2  
  104  14:43  Medivac  
  114  14:45  Marine x2  
  114  14:46  Marine x4  
  114  14:49  Ghost Academy  
  120  14:57  Marine x2  
  120  14:58  Marine  
  123  15:01  SCV  
  123  15:02  SCV x2  
  123  15:03  Marine x2  
  128  15:13  SCV  
  129  15:14  Siege Tank  
  129  15:16  Marine x4  
  129  15:17  Marine x3  
  129  15:21  Marine  
  110  15:38  Marine x6  
  110  15:39  Marine x3  
  104  15:51  Terran Vehicle Weapons Level 1  
  104  15:55  Marine  
  104  15:56  Marine x6  
  104  15:57  Marine  
  112  16:20  Refinery  
  112  16:26  Refinery  
  112  16:28  Sensor Tower  
  110  16:36  Planetary Fortress  
  110  16:37  Marine  
  111  16:56  Marine x6  
  111  16:57  Marine x2  
  90  17:39  Orbital Command  
  90  17:41  Marine x4  
  90  17:42  Marine x4  
  90  17:43  Medivac x2, Siege Tank x2  
  100  17:47  Marine  
  96  17:59  Marine x3  
  98  18:14  Marine x3  
  98  18:15  Marine x2, Siege Tank  
  98  18:16  Siege Tank  
  104  18:26  SCV x2  
  106  18:39  SCV x3  
  110  18:41  SCV  
  110  18:43  Marine  
  110  18:48  Siege Tank  
  114  18:50  Sensor Tower  
  114  18:51  SCV x3  
  114  18:54  Sensor Tower  
  117  19:05  SCV  
  117  19:06  SCV x2  
  121  19:18  SCV  
  113  19:29  Marine  
  113  19:30  Marine  
  109  19:31  Marine  
  109  19:32  Orbital Command  
  109  19:34  Marine  
  109  19:35  Marine  
  111  19:43  Marine x4  
  111  19:44  Siege Tank x2  
  121  19:47  Marine  
  121  19:48  Marine  
  113  19:58  Marine  
  113  19:59  Marine x2  
  97  20:00  Marine x2, Medivac x2  
  97  20:01  Marine  
  97  20:10  Marine x2  
  97  20:11  Marine  
  97  20:13  SCV x2  
  102  20:16  Marine x2, Siege Tank x2  
  102  20:17  Marine  
  104  20:29  Marauder, Marine x5  
  104  20:31  Medivac x2  
  104  20:34  Marine  
  114  20:48  Siege Tank x2  
  120  20:50  Marauder  
  122  20:58  SCV  
  122  20:59  SCV x2  
  122  21:02  Sensor Tower  
  125  21:05  Marine  
  125  21:06  Marine x7  
  133  21:11  Terran Infantry Armor Level 3  
  133  21:14  Command Center  
  133  21:18  Refinery, SCV x2  
  135  21:19  SCV  
  136  21:48  Marine x4  
  136  21:49  Marauder, Marine x3  
  145  22:10  Marauder  
  147  22:17  Marine  
  147  22:18  Marine x5  
  121  22:53  Marine x2  
  121  22:54  Orbital Command  
Tags
 
Add a new tag
Caveats
  • Supply blocks, unpowered buildings, or Contaminate may cause inaccurate times.
  • Supply counts are checked every 10 seconds.